Jets vs Red Wings
(R1)
Created - March 7, 2024 at 22:13
Goals
|
Jets |
1 |
2 |
0 |
0 |
0 |
3 |
Red Wings |
1 |
2 |
0 |
0 |
1 |
4 |
|
Shots
|
Jets |
15 |
4 |
9 |
1 |
3 |
29 |
Red Wings |
11 |
10 |
7 |
1 |
2 |
29 |
|
1st period
1. Jets , Anthony Mantha 15 (Ryan Johansen 31, Viktor Arvidsson 27) at 11:43
2. Red Wings , Dylan Larkin 25 (Alex DeBrincat 14, Philip Samuelsson 26) at 17:49
Penalties :
Anthony Mantha (Win) for Slashing (Minor) at 0:23, Adam Gaudette (Det) for High sticking (Minor) at 19:45
2nd period
3. Jets , Viktor Arvidsson 21 (Max Domi 31) at 0:37 (PP)
4. Jets , Tyler Toffoli 21 (Noel Acciari 5, Frank Vatrano 3) at 4:56
5. Red Wings , Dylan Larkin 26 (Jonathan Drouin 28, Danton Heinen 19) at 5:33 (PP)
6. Red Wings , Cam Barker 2 (Mike Richards 6, Roland McKeown 8) at 6:49
Penalties :
Troy Stetcher (Win) for Roughing (Minor) at 5:15, Dougie Hamilton (Win) for Roughing (Double Minor) at 12:44, Adam Gaudette (Det) for Hooking (Minor) at 19:02
3rd period
No Goal
Penalties :
Danton Heinen (Det) for Tripping (Minor) at 4:14, Sam Reinhart (Win) for Holding (Minor) at 8:21, Ryan Murray (Win) for Hooking (Minor) at 18:40
Overtime #1
No Goal
Penalties :
No Penalty
Shootout
Jets, Tyler Seguin - Stopped by Ondrej Pavelec
Red Wings, Dylan Larkin - Shot Misses the Net
Jets, Alex Galchenyuk - Shot Misses the Net
Red Wings, Adam Gaudette - Goal!
Jets, Ryan Johansen - Stopped by Ondrej Pavelec
Penalties :
No Penalty
Goalie Stats
Jacob Markstrom (Win), 26 saves from 29 shots - (0.897), OTL, 22-20-7, 65:00 minutes
Ondrej Pavelec (Det), 26 saves from 29 shots - (0.897), W, 26-14-3, 65:00 minutes
Players Stats for Jets
Player Name G A P +/- PIM S H SB GA TA FO MP PP MP PK MP
------------------------------------------------------------------------------------
Adam Larsson 0 0 0 2 0 1 1 1 0 2 0/0 26:01 0:00 5:51
Alex Galchenyuk 0 0 0 0 0 4 2 1 0 1 0/1 22:28 2:49 2:51
Anthony Mantha 1 0 1 -1 2 2 2 1 0 0 2/2 20:46 0:00 4:28
Dougie Hamilton 0 0 0 0 4 1 2 0 0 0 0/0 22:04 3:32 0:29
Erik Cernak 0 0 0 1 0 0 1 0 0 0 0/0 8:50 0:00 3:55
Frank Vatrano 0 1 1 1 0 1 0 0 1 1 0/0 9:56 0:00 2:21
Kevin Hayes 0 0 0 0 0 1 2 0 0 0 3/12 12:13 0:00 3:41
Max Domi 0 1 1 0 0 4 3 0 1 0 13/17 17:42 2:01 0:59
Mirco Mueller 0 0 0 -2 0 1 1 1 0 0 0/0 14:14 0:00 4:06
Noel Acciari 0 1 1 1 0 2 0 0 0 0 5/10 12:39 0:00 4:54
Ryan Johansen 0 1 1 -1 0 0 0 3 0 0 12/20 19:45 2:49 0:00
Ryan Murray 0 0 0 0 2 0 5 0 0 3 0/0 23:47 1:18 4:46
Sam Reinhart 0 0 0 0 2 1 1 0 1 1 0/0 8:41 0:00 0:00
Troy Stetcher 0 0 0 1 2 2 1 0 1 1 0/0 18:40 3:32 1:04
Tyler Seguin 0 0 0 0 0 2 2 0 0 0 1/2 18:27 2:49 0:00
Tyler Toffoli 1 0 1 1 0 2 0 0 0 0 0/0 18:22 2:01 0:34
Tyson Barrie 0 0 0 -2 0 0 0 0 1 0 0/0 12:21 1:18 0:17
Viktor Arvidsson 1 1 2 -1 0 5 2 1 1 0 0/1 18:40 2:01 0:00
Players Stats for Red Wings
Player Name G A P +/- PIM S H SB GA TA FO MP PP MP PK MP
------------------------------------------------------------------------------------
Adam Gaudette 0 0 0 -1 4 3 2 0 2 1 0/0 19:28 4:08 0:00
Alex DeBrincat 0 1 1 1 0 3 1 1 0 0 0/0 20:53 4:04 0:00
Brendan Woods 0 0 0 1 0 0 1 0 0 0 0/0 9:02 0:56 1:14
Cam Barker 1 0 1 0 0 1 1 1 0 1 0/0 15:57 0:35 1:34
Carson Mcmillan 0 0 0 -1 0 0 2 0 0 0 3/3 13:17 0:52 3:36
Charlie Coyle 0 0 0 -1 0 2 0 0 1 0 7/25 21:30 4:27 0:00
Danton Heinen 0 1 1 1 2 1 1 0 1 0 0/1 22:29 5:45 0:00
Drew Fata 0 0 0 -1 0 0 0 0 0 0 0/0 16:56 0:00 3:16
Dylan Larkin 2 0 2 1 0 6 1 1 0 0 5/16 21:10 4:28 0:00
Evgeny Dadonov 0 0 0 -1 0 0 1 0 0 0 0/0 9:16 0:00 0:15
Jake Gardiner 0 0 0 -1 0 0 0 1 0 0 0/0 19:49 3:14 0:00
Jeff Schultz 0 0 0 1 0 3 2 2 0 1 0/0 26:28 3:14 3:16
Jonathan Drouin 0 1 1 -1 0 4 2 0 2 0 3/4 20:57 4:34 0:00
Mike Richards 0 1 1 1 0 1 0 0 0 0 2/2 8:45 0:58 0:59
Philip Samuelsson 0 1 1 1 0 3 0 2 1 2 0/0 25:40 5:45 0:00
Roland McKeown 0 1 1 0 0 0 0 1 0 1 0/0 14:58 0:35 1:34
Ryan Kesler 0 0 0 1 0 2 0 0 2 0 1/1 6:58 0:00 0:00
T.J. Hensick 0 0 0 -1 0 0 3 0 0 0 8/13 17:29 4:15 3:36
3 Stars
1 - Dylan Larkin (Det)
2 - Viktor Arvidsson (Win)
3 - Cam Barker (Det)
Power Play
Jets - 1 on 3 Attempt(s) - 33.33%
Red Wings - 1 on 6 Attempt(s) - 16.67%
Penalty Kill
Jets - 5 on 6 Attempt(s) - 83.33%
- Score 0 goal in Penalty Kill
Red Wings - 2 on 3 Attempt(s) - 66.67%
- Score 0 goal in Penalty Kill
Team Stat
Jets - Hits : 25 - Faceoff Wins : 36 - Blocked Shots : 8 - Penalty Minutes : 12
Red Wings - Hits : 17 - Faceoff Wins : 29 - Blocked Shots : 9 - Penalty Minutes : 6
Official
Referees : Brian Pochmara and Ian Walsh
Linesman : Ryan Gibbons and Ryan Daisy
Game Notes
No Game Note
Finance
Level 1 -- Attendance: 6000 (100.00%) -- Ticket Income $600,000
Level 2 -- Attendance: 5000 (100.00%) -- Ticket Income $300,000
Level 3 -- Attendance: 1867 (93.35%) -- Ticket Income $65,345
Level 4 -- Attendance: 4000 (100.00%) -- Ticket Income $100,000
Luxury Box -- Attendance: 1000 (100.00%) -- Ticket Income $200,000
Game was played at the Little Caesars arena.
Total Attendance: 17867 (99.26%)
Total Ticket Income: $1,265,345
Other Income: $189,802
Total Income: $1,455,147
Jets
5 vs 5 Forward
Center Left Wing Right Wing Time % Phy DF OF
1 Ryan Johansen Anthony Mantha Viktor Arvidsson 34 1 2 2
2 Max Domi Alex Galchenyuk Tyler Seguin 30 1 2 2
3 Kevin Hayes Tyler Toffoli Sam Reinhart 19 1 2 2
4 Noel Acciari Tyler Toffoli Frank Vatrano 17 1 2 2
5 vs 5 Defense
Defense Defense Time % Phy DF OF
1 Ryan Murray Dougie Hamilton 35 1 2 2
2 Adam Larsson Troy Stetcher 30 1 2 2
3 Mirco Mueller Tyson Barrie 25 1 2 2
4 Adam Larsson Erik Cernak 10 0 3 2
PowerPlay Forward
Center Left Wing Right Wing Time % Phy DF OF
1 Ryan Johansen Alex Galchenyuk Tyler Seguin 60 1 2 2
2 Max Domi Tyler Toffoli Viktor Arvidsson 40 1 2 2
PowerPlay Defense
Defense Defense Time % Phy DF OF
1 Troy Stetcher Dougie Hamilton 55 1 2 2
2 Ryan Murray Tyson Barrie 45 1 2 2
Penalty Kill 4 Players Forward
Center Wing Time % Phy DF OF
1 Noel Acciari Anthony Mantha 60 2 2 1
2 Kevin Hayes Frank Vatrano 40 2 2 1
Penalty Kill 4 Players Defense
Defense Defense Time % Phy DF OF
1 Adam Larsson Ryan Murray 60 2 3 0
2 Mirco Mueller Erik Cernak 40 2 3 0
Penalty Kill - 3 Players Forward
Forward Time % Phy DF OF
1 Anthony Mantha 60 2 2 1
2 Kevin Hayes 40 2 2 1
Penalty Kill - 3 Players Defense
Defense Defense Time % Phy DF OF
1 Adam Larsson Dougie Hamilton 60 2 3 0
2 Ryan Murray Mirco Mueller 40 2 3 0
4 vs 4 Forward
Center Wing Time % Phy DF OF
1 Tyler Seguin Anthony Mantha 60 1 2 2
2 Noel Acciari Frank Vatrano 40 1 2 2
4 vs 4 Defense
Defense Defense Time % Phy DF OF
1 Adam Larsson Dougie Hamilton 60 1 2 2
2 Ryan Murray Troy Stetcher 40 1 2 2
Last Minutes Offensive
Center Left Wing Right Wing Defense Defense
Ryan Johansen Alex Galchenyuk Tyler Seguin Adam Larsson Dougie Hamilton
Last Minutes Defensive
Center Left Wing Right Wing Defense Defense
Ryan Johansen Alex Galchenyuk Tyler Seguin Adam Larsson Dougie Hamilton
Goaltenders
Starting : Jacob Markstrom
Backup : Elvis Merzlikins
Extra Forwards
Normal : Anthony Mantha, Max Domi, Noel Acciari - PP : Anthony Mantha, Sam Reinhart - PK : Noel Acciari
Extra Defensemen
Normal : Mirco Mueller, Troy Stetcher, Ryan Murray - PP : Mirco Mueller - PK : Troy Stetcher, Ryan Murray
Penalty Shots
Tyler Seguin, Alex Galchenyuk, Ryan Johansen, Tyler Toffoli, Viktor Arvidsson
Custom OT Lines Forwards
Tyler Seguin, Alex Galchenyuk, Ryan Johansen, Tyler Toffoli, Viktor Arvidsson, Max Domi, Anthony Mantha, Kevin Hayes, Noel Acciari, Frank Vatrano
Custom OT Lines Defensemen
Adam Larsson, Dougie Hamilton, Ryan Murray, Troy Stetcher, Mirco Mueller
Scratches
None
Red Wings
5 vs 5 Forward
Center Left Wing Right Wing Time % Phy DF OF
1 Charlie Coyle Jonathan Drouin Adam Gaudette 37 1 2 2
2 Dylan Larkin Alex DeBrincat Danton Heinen 37 1 2 2
3 T.J. Hensick Evgeny Dadonov Carson Mcmillan 21 1 2 2
4 Mike Richards Brendan Woods Ryan Kesler 5 1 2 2
5 vs 5 Defense
Defense Defense Time % Phy DF OF
1 Philip Samuelsson Jeff Schultz 40 1 2 2
2 Jake Gardiner Drew Fata 30 1 2 2
3 Cam Barker Roland McKeown 20 1 2 2
4 Cam Barker Roland McKeown 10 1 2 2
PowerPlay Forward
Center Left Wing Right Wing Time % Phy DF OF
1 Charlie Coyle Jonathan Drouin Dylan Larkin 60 1 2 2
2 T.J. Hensick Alex DeBrincat Adam Gaudette 40 1 2 2
PowerPlay Defense
Defense Defense Time % Phy DF OF
1 Philip Samuelsson Danton Heinen 60 1 2 2
2 Jake Gardiner Jeff Schultz 40 1 2 2
Penalty Kill 4 Players Forward
Center Wing Time % Phy DF OF
1 T.J. Hensick Carson Mcmillan 60 1 2 2
2 Mike Richards Brendan Woods 40 1 2 2
Penalty Kill 4 Players Defense
Defense Defense Time % Phy DF OF
1 Drew Fata Jeff Schultz 60 1 2 2
2 Roland McKeown Cam Barker 40 1 2 2
Penalty Kill - 3 Players Forward
Forward Time % Phy DF OF
1 Carson Mcmillan 60 1 2 2
2 T.J. Hensick 40 1 2 2
Penalty Kill - 3 Players Defense
Defense Defense Time % Phy DF OF
1 Drew Fata Jeff Schultz 60 1 2 2
2 Roland McKeown Cam Barker 40 1 2 2
4 vs 4 Forward
Center Wing Time % Phy DF OF
1 Charlie Coyle Alex DeBrincat 60 1 2 2
2 Dylan Larkin Danton Heinen 40 1 2 2
4 vs 4 Defense
Defense Defense Time % Phy DF OF
1 Jake Gardiner Jeff Schultz 60 1 2 2
2 Philip Samuelsson Drew Fata 40 1 2 2
Last Minutes Offensive
Center Left Wing Right Wing Defense Defense
Dylan Larkin Alex DeBrincat Jonathan Drouin Philip Samuelsson Charlie Coyle
Last Minutes Defensive
Center Left Wing Right Wing Defense Defense
Charlie Coyle Brendan Woods Carson Mcmillan Jake Gardiner Jeff Schultz
Goaltenders
Starting : Ondrej Pavelec
Backup : Igor Shesterkin
Extra Forwards
Normal : T.J. Hensick, Mike Richards, Evgeny Dadonov - PP : T.J. Hensick, Mike Richards - PK : Evgeny Dadonov
Extra Defensemen
Normal : Roland McKeown, Drew Fata, Cam Barker - PP : Roland McKeown - PK : Jake Gardiner, Philip Samuelsson
Penalty Shots
Dylan Larkin, Adam Gaudette, Alex DeBrincat, Carson Mcmillan, Mike Richards
Custom OT Lines Forwards
Dylan Larkin, Alex DeBrincat, Charlie Coyle, Danton Heinen, Jonathan Drouin, T.J. Hensick, Adam Gaudette, Carson Mcmillan, Evgeny Dadonov, Brendan Woods
Custom OT Lines Defensemen
Jake Gardiner, Jeff Schultz, Philip Samuelsson, Cam Barker, Drew Fata
Scratches
Colten Teubert (Healthy), Dalton Prout (Healthy)
% Time on Ice - Jets
Lines # - Real PCT - Wanted PCT - Time Play
Normal Forward
1 - 34% - 34% - 15:42
2 - 30% - 30% - 13:41
3 - 19% - 19% - 8:38
4 - 17% - 17% - 7:35
Normal Defense
1 - 37% - 35% - 16:43
2 - 30% - 30% - 13:39
3 - 23% - 25% - 10:23
4 - 11% - 10% - 4:51
PP Forward
1 - 58% - 60% - 2:49
2 - 42% - 40% - 2:01
PP Defense
1 - 73% - 55% - 3:32
2 - 27% - 45% - 1:18
PK Forward
1 - 75% - 60% - 7:13
2 - 25% - 40% - 2:21
PK Defense
1 - 58% - 60% - 5:32
2 - 42% - 40% - 4:02
PK3 Forward
1 - 100% - 60% - 0:40
2 - 0% - 40% - 0:00
PK3 Defense
1 - 73% - 60% - 0:29
2 - 28% - 40% - 0:11
44 Forward
1 - 0% - 60%
2 - 0% - 40%
44 Defense
1 - 0% - 60%
2 - 0% - 40%
Last Minute Offensive - 0:00
Last Minute Defensive - 0:00
Total
Forward - 60:40
Defense - 60:40
|
% Time on Ice - Red Wings
Lines # - Real PCT - Wanted PCT - Time Play
Normal Forward
1 - 33% - 37% - 14:59
2 - 32% - 37% - 14:49
3 - 19% - 21% - 8:50
4 - 15% - 5% - 6:58
Normal Defense
1 - 40% - 40% - 18:20
2 - 34% - 30% - 15:36
3 - 19% - 20% - 8:47
4 - 6% - 10% - 2:53
PP Forward
1 - 53% - 60% - 5:07
2 - 47% - 40% - 4:27
PP Defense
1 - 66% - 60% - 6:20
2 - 34% - 40% - 3:14
PK Forward
1 - 80% - 60% - 3:51
2 - 20% - 40% - 0:59
PK Defense
1 - 68% - 60% - 3:16
2 - 32% - 40% - 1:34
PK3 Forward
1 - 0% - 60%
2 - 0% - 40%
PK3 Defense
1 - 0% - 60%
2 - 0% - 40%
44 Forward
1 - 95% - 60% - 0:38
2 - 5% - 40% - 0:02
44 Defense
1 - 95% - 60% - 0:38
2 - 5% - 40% - 0:02
Last Minute Offensive - 0:00
Last Minute Defensive - 0:00
Total
Forward - 60:40
Defense - 60:40
|
Play-by-Play
1st period
0:01 of 1st period - Charlie Coyle wins face-off versus Ryan Johansen in neutral zone.
0:04 of 1st period - Ryan Johansen is hit by Jonathan Drouin and loses puck.
0:23 of 1st period - Minor Penalty to Anthony Mantha for Slashing.
0:24 of 1st period - Jonathan Drouin wins face-off versus Noel Acciari in Jets zone.
1:16 of 1st period - Icing by Dylan Larkin.
1:17 of 1st period - Kevin Hayes wins face-off versus Charlie Coyle in Red Wings zone.
2:23 of 1st period - Penalty to Anthony Mantha is over, Anthony Mantha is back on ice.
3:23 of 1st period - Snap shot by Noel Acciari.
3:23 of 1st period - Stopped by Ondrej Pavelec with a rebound.
3:25 of 1st period - Wrist shot by Noel Acciari.
3:25 of 1st period - Stopped by Ondrej Pavelec with a rebound.
3:27 of 1st period - Slapshot by Mirco Mueller.
3:27 of 1st period - Stopped by Ondrej Pavelec without a rebound.
3:28 of 1st period - Charlie Coyle wins face-off versus Noel Acciari in Red Wings zone.
3:53 of 1st period - Jake Gardiner is hit by Ryan Murray and loses puck.
4:01 of 1st period - Icing by Danton Heinen.
4:02 of 1st period - Dylan Larkin wins face-off versus Alex Galchenyuk in Red Wings zone.
4:12 of 1st period - Icing by Troy Stetcher.
4:13 of 1st period - Max Domi wins face-off versus Charlie Coyle in Jets zone.
4:54 of 1st period - Wrist shot by Tyler Seguin.
4:54 of 1st period - Stopped by Ondrej Pavelec with a rebound.
4:58 of 1st period - Snap shot by Alex Galchenyuk.
4:58 of 1st period - Stopped by Ondrej Pavelec with a rebound.
5:28 of 1st period - Snap shot by Max Domi.
5:28 of 1st period - Stopped by Ondrej Pavelec with a rebound.
5:30 of 1st period - Slapshot by Adam Larsson.
5:30 of 1st period - Stopped by Ondrej Pavelec with a rebound.
5:32 of 1st period - Slapshot by Troy Stetcher.
5:32 of 1st period - Deflect By Max Domi.
5:32 of 1st period - Shot Misses the Net.
5:32 of 1st period - Puck is out of play.
5:33 of 1st period - Dylan Larkin wins face-off versus Ryan Johansen in Red Wings zone.
5:40 of 1st period - Snap shot by Dylan Larkin.
5:40 of 1st period - Shot Misses the Net.
5:42 of 1st period - Snap shot by Alex DeBrincat.
5:42 of 1st period - Stopped by Jacob Markstrom with a rebound.
5:44 of 1st period - Slapshot by Jake Gardiner.
5:44 of 1st period - Shot Misses the Net.
6:15 of 1st period - Ryan Murray is hit by Cam Barker and loses puck.
8:40 of 1st period - Slapshot by Philip Samuelsson.
8:40 of 1st period - Deflect By Ryan Kesler.
8:40 of 1st period - Stopped by Jacob Markstrom with a rebound.
8:56 of 1st period - Wrist shot by Dylan Larkin.
8:56 of 1st period - Stopped by Jacob Markstrom without a rebound.
8:57 of 1st period - Kevin Hayes wins face-off versus Dylan Larkin in Jets zone.
9:15 of 1st period - Icing by Danton Heinen.
9:16 of 1st period - Max Domi wins face-off versus Dylan Larkin in Red Wings zone.
9:21 of 1st period - Wrist shot by Noel Acciari.
9:21 of 1st period - Shot Misses the Net.
9:49 of 1st period - Wrist shot by Alex DeBrincat.
9:49 of 1st period - Stopped by Jacob Markstrom without a rebound.
9:50 of 1st period - Charlie Coyle wins face-off versus Ryan Johansen in Jets zone.
9:57 of 1st period - Wrist shot by Charlie Coyle.
9:57 of 1st period - Stopped by Jacob Markstrom with a rebound.
10:17 of 1st period - Jake Gardiner is hit by Max Domi.
10:21 of 1st period - Snap shot by Jonathan Drouin.
10:21 of 1st period - Shot Blocked by Alex Galchenyuk.
10:26 of 1st period - Off-side.
10:27 of 1st period - Ryan Johansen wins face-off versus Dylan Larkin in neutral zone.
10:56 of 1st period - Mirco Mueller is hit by Carson Mcmillan.
11:26 of 1st period - Slapshot by Ryan Kesler.
11:26 of 1st period - Stopped by Jacob Markstrom without a rebound.
11:27 of 1st period - Ryan Johansen wins face-off versus Charlie Coyle in Jets zone.
11:43 of 1st period - Snap shot by Anthony Mantha.
11:43 of 1st period - Goal by Anthony Mantha - Jets : 1 - Red Wings : 0.
11:44 of 1st period - Ryan Johansen wins face-off versus Dylan Larkin in neutral zone.
12:21 of 1st period - Slapshot by Viktor Arvidsson.
12:21 of 1st period - Stopped by Ondrej Pavelec without a rebound.
12:22 of 1st period - Jonathan Drouin wins face-off versus Max Domi in Red Wings zone.
13:35 of 1st period - Wrist shot by Danton Heinen.
13:35 of 1st period - Stopped by Jacob Markstrom without a rebound.
13:36 of 1st period - Dylan Larkin wins face-off versus Max Domi in Jets zone.
13:53 of 1st period - Slapshot by Max Domi.
13:53 of 1st period - Shot Misses the Net.
13:55 of 1st period - Snap shot by Alex Galchenyuk.
13:55 of 1st period - Shot Misses the Net.
14:07 of 1st period - Wrist shot by Alex Galchenyuk.
14:07 of 1st period - Shot Misses the Net.
14:17 of 1st period - Snap shot by Alex Galchenyuk.
14:17 of 1st period - Shot Blocked by Cam Barker.
14:19 of 1st period - Wrist shot by Max Domi.
14:19 of 1st period - Stopped by Ondrej Pavelec without a rebound.
14:20 of 1st period - Noel Acciari wins face-off versus Jonathan Drouin in Red Wings zone.
15:40 of 1st period - Snap shot by Viktor Arvidsson.
15:40 of 1st period - Stopped by Ondrej Pavelec with a rebound.
16:16 of 1st period - Adam Gaudette is hit by Max Domi.
16:21 of 1st period - Off-side.
16:22 of 1st period - Ryan Johansen wins face-off versus Dylan Larkin in neutral zone.
16:25 of 1st period - Philip Samuelsson is hit by Anthony Mantha and loses puck.
16:31 of 1st period - Off-side.
16:32 of 1st period - Ryan Johansen wins face-off versus Danton Heinen in neutral zone.
17:07 of 1st period - Snap shot by Viktor Arvidsson.
17:07 of 1st period - Shot Misses the Net.
17:29 of 1st period - Snap shot by Alex DeBrincat.
17:29 of 1st period - Shot Blocked by Ryan Johansen.
17:31 of 1st period - Wrist shot by Danton Heinen.
17:31 of 1st period - Shot Misses the Net.
17:33 of 1st period - Slapshot by Jeff Schultz.
17:33 of 1st period - Shot Blocked by Mirco Mueller.
17:41 of 1st period - Snap shot by Dylan Larkin.
17:41 of 1st period - Shot Blocked by Viktor Arvidsson.
17:43 of 1st period - Snap shot by Alex DeBrincat.
17:43 of 1st period - Shot Misses the Net.
17:45 of 1st period - Slapshot by Philip Samuelsson.
17:45 of 1st period - Stopped by Jacob Markstrom with a rebound.
17:47 of 1st period - Snap shot by Alex DeBrincat.
17:47 of 1st period - Shot Blocked by Ryan Johansen.
17:49 of 1st period - Wrist shot by Dylan Larkin.
17:49 of 1st period - Goal by Dylan Larkin - Jets : 1 - Red Wings : 1.
17:50 of 1st period - Max Domi wins face-off versus Charlie Coyle in neutral zone.
18:01 of 1st period - Snap shot by Alex Galchenyuk.
18:01 of 1st period - Stopped by Ondrej Pavelec with a rebound.
18:24 of 1st period - Slapshot by Frank Vatrano.
18:24 of 1st period - Stopped by Ondrej Pavelec without a rebound.
18:25 of 1st period - T.J. Hensick wins face-off versus Kevin Hayes in Red Wings zone.
18:33 of 1st period - Evgeny Dadonov is hit by Kevin Hayes and loses puck.
19:02 of 1st period - Wrist shot by Adam Gaudette.
19:02 of 1st period - Stopped by Jacob Markstrom with a rebound.
19:04 of 1st period - Backhand shot by Jonathan Drouin.
19:04 of 1st period - Stopped by Jacob Markstrom with a rebound.
19:24 of 1st period - Slapshot by Dougie Hamilton.
19:24 of 1st period - Stopped by Ondrej Pavelec with a rebound.
19:26 of 1st period - Snap shot by Anthony Mantha.
19:26 of 1st period - Shot Blocked by Philip Samuelsson.
19:42 of 1st period - Snap shot by Sam Reinhart.
19:42 of 1st period - Stopped by Ondrej Pavelec without a rebound.
19:43 of 1st period - Charlie Coyle wins face-off versus Kevin Hayes in Red Wings zone.
19:45 of 1st period - Minor Penalty to Adam Gaudette for High sticking.
19:46 of 1st period - T.J. Hensick wins face-off versus Ryan Johansen in Red Wings zone.
Goals for this period are 1 for Jets vs 1 for Red Wings.
Shots for this period are 15 for Jets vs 11 for Red Wings.
2nd period
0:01 of 2nd period - T.J. Hensick wins face-off versus Ryan Johansen in neutral zone.
0:04 of 2nd period - Snap shot by Jeff Schultz.
0:04 of 2nd period - Stopped by Jacob Markstrom with a rebound.
0:37 of 2nd period - Snap shot by Viktor Arvidsson.
0:37 of 2nd period - Goal by Viktor Arvidsson - Jets : 2 - Red Wings : 1.
0:38 of 2nd period - Noel Acciari wins face-off versus Charlie Coyle in neutral zone.
1:04 of 2nd period - Roland McKeown is hit by Alex Galchenyuk and loses puck.
1:45 of 2nd period - Ryan Kesler is hit by Ryan Murray and loses puck.
2:15 of 2nd period - Slapshot by Jeff Schultz.
2:15 of 2nd period - Stopped by Jacob Markstrom without a rebound.
2:16 of 2nd period - Max Domi wins face-off versus Charlie Coyle in Jets zone.
3:09 of 2nd period - Adam Larsson is hit by T.J. Hensick and loses puck.
3:56 of 2nd period - Icing by Max Domi.
3:57 of 2nd period - Max Domi wins face-off versus Dylan Larkin in Jets zone.
4:27 of 2nd period - Wrist shot by Viktor Arvidsson.
4:27 of 2nd period - Stopped by Ondrej Pavelec with a rebound.
4:29 of 2nd period - Slapshot by Ryan Murray.
4:29 of 2nd period - Shot Misses the Net.
4:31 of 2nd period - Snap shot by Ryan Johansen.
4:31 of 2nd period - Shot Misses the Net.
4:33 of 2nd period - Slapshot by Dougie Hamilton.
4:33 of 2nd period - Deflect By Viktor Arvidsson.
4:33 of 2nd period - Shot Misses the Net.
4:33 of 2nd period - Puck is out of play.
4:34 of 2nd period - Carson Mcmillan wins face-off versus Ryan Johansen in Red Wings zone.
4:44 of 2nd period - Icing by Philip Samuelsson.
4:45 of 2nd period - Noel Acciari wins face-off versus T.J. Hensick in Red Wings zone.
4:56 of 2nd period - Snap shot by Tyler Toffoli.
4:56 of 2nd period - Goal by Tyler Toffoli - Jets : 3 - Red Wings : 1.
4:57 of 2nd period - Kevin Hayes wins face-off versus Charlie Coyle in neutral zone.
5:02 of 2nd period - Slapshot by Troy Stetcher.
5:02 of 2nd period - Shot Misses the Net.
5:15 of 2nd period - Minor Penalty to Troy Stetcher for Roughing.
5:16 of 2nd period - Noel Acciari wins face-off versus Charlie Coyle in Jets zone.
5:31 of 2nd period - Slapshot by Dylan Larkin.
5:31 of 2nd period - Stopped by Jacob Markstrom with a rebound.
5:33 of 2nd period - Wrist shot by Dylan Larkin.
5:33 of 2nd period - Goal by Dylan Larkin - Jets : 3 - Red Wings : 2.
5:34 of 2nd period - Ryan Johansen wins face-off versus Charlie Coyle in neutral zone.
6:01 of 2nd period - Dylan Larkin is hit by Tyler Seguin and loses puck.
6:24 of 2nd period - Noel Acciari is hit by Evgeny Dadonov and loses puck.
6:49 of 2nd period - Slapshot by Cam Barker.
6:49 of 2nd period - Goal by Cam Barker - Jets : 3 - Red Wings : 3.
6:50 of 2nd period - Charlie Coyle wins face-off versus Max Domi in neutral zone.
6:53 of 2nd period - Slapshot by Philip Samuelsson.
6:53 of 2nd period - Stopped by Jacob Markstrom with a rebound.
7:25 of 2nd period - Wrist shot by Danton Heinen.
7:25 of 2nd period - Shot Blocked by Ryan Johansen.
7:27 of 2nd period - Slapshot by Alex DeBrincat.
7:27 of 2nd period - Shot Blocked by Anthony Mantha.
8:03 of 2nd period - Icing by Max Domi.
8:04 of 2nd period - Max Domi wins face-off versus Charlie Coyle in Jets zone.
8:15 of 2nd period - Philip Samuelsson is hit by Alex Galchenyuk.
8:25 of 2nd period - Snap shot by Max Domi.
8:25 of 2nd period - Stopped by Ondrej Pavelec without a rebound.
8:26 of 2nd period - Ryan Johansen wins face-off versus Dylan Larkin in Red Wings zone.
9:14 of 2nd period - Dylan Larkin is hit by Tyler Seguin and loses puck.
9:21 of 2nd period - Wrist shot by Jeff Schultz.
9:21 of 2nd period - Stopped by Jacob Markstrom with a rebound.
9:23 of 2nd period - Backhand shot by Philip Samuelsson.
9:23 of 2nd period - Stopped by Jacob Markstrom with a rebound.
10:03 of 2nd period - Snap shot by Dylan Larkin.
10:03 of 2nd period - Deflect By Alex DeBrincat.
10:03 of 2nd period - Stopped by Jacob Markstrom without a rebound.
10:04 of 2nd period - Ryan Johansen wins face-off versus Charlie Coyle in Jets zone.
10:54 of 2nd period - Cam Barker is hit by Kevin Hayes and loses puck.
11:23 of 2nd period - Snap shot by Jonathan Drouin.
11:23 of 2nd period - Stopped by Jacob Markstrom with a rebound.
11:42 of 2nd period - Off-side.
11:43 of 2nd period - Mike Richards wins face-off versus Kevin Hayes in neutral zone.
11:54 of 2nd period - Wrist shot by Ryan Kesler.
11:54 of 2nd period - Shot Hit the Post.
12:44 of 2nd period - Double Minor Penalty to Dougie Hamilton for Roughing.
12:45 of 2nd period - Dylan Larkin wins face-off versus Noel Acciari in Jets zone.
13:41 of 2nd period - Jeff Schultz is hit by Anthony Mantha and loses puck.
14:09 of 2nd period - Adam Larsson is hit by Jonathan Drouin and loses puck.
16:44 of 2nd period - Penalty to Dougie Hamilton is over, Dougie Hamilton is back on ice.
17:52 of 2nd period - Ryan Murray is hit by T.J. Hensick and loses puck.
18:23 of 2nd period - Icing by Erik Cernak.
18:24 of 2nd period - Carson Mcmillan wins face-off versus Kevin Hayes in Jets zone.
18:30 of 2nd period - Icing by Erik Cernak.
18:31 of 2nd period - Dylan Larkin wins face-off versus Kevin Hayes in Jets zone.
18:52 of 2nd period - Anthony Mantha is hit by Adam Gaudette and loses puck.
19:02 of 2nd period - Minor Penalty to Adam Gaudette for Hooking.
19:03 of 2nd period - Tyler Seguin wins face-off versus T.J. Hensick in Red Wings zone.
19:32 of 2nd period - Icing by Dougie Hamilton.
19:33 of 2nd period - T.J. Hensick wins face-off versus Max Domi in Jets zone.
19:58 of 2nd period - Wrist shot by Alex Galchenyuk.
19:58 of 2nd period - Shot Blocked by Roland McKeown.
Goals for this period are 2 for Jets vs 2 for Red Wings.
Shots for this period are 4 for Jets vs 10 for Red Wings.
3rd period
0:01 of 3rd period - Ryan Johansen wins face-off versus T.J. Hensick in neutral zone.
0:12 of 3rd period - Snap shot by Alex Galchenyuk.
0:12 of 3rd period - Stopped by Ondrej Pavelec with a rebound.
0:14 of 3rd period - Snap shot by Alex Galchenyuk.
0:14 of 3rd period - Stopped by Ondrej Pavelec without a rebound.
0:15 of 3rd period - Carson Mcmillan wins face-off versus Ryan Johansen in Red Wings zone.
0:15 of 3rd period - Carson Mcmillan is hit by Troy Stetcher.
0:47 of 3rd period - Ryan Murray is hit by T.J. Hensick.
1:02 of 3rd period - Penalty to Adam Gaudette is over, Adam Gaudette is back on ice.
1:44 of 3rd period - Cam Barker is hit by Dougie Hamilton and loses puck.
2:06 of 3rd period - Icing by Danton Heinen.
2:07 of 3rd period - Ryan Kesler wins face-off versus Kevin Hayes in Red Wings zone.
2:09 of 3rd period - Icing by Jake Gardiner.
2:10 of 3rd period - Mike Richards wins face-off versus Kevin Hayes in Red Wings zone.
2:10 of 3rd period - Mike Richards is hit by Sam Reinhart.
3:07 of 3rd period - Max Domi is hit by Danton Heinen and loses puck.
3:20 of 3rd period - Backhand shot by Tyler Toffoli.
3:20 of 3rd period - Stopped by Ondrej Pavelec with a rebound.
3:22 of 3rd period - Slapshot by Troy Stetcher.
3:22 of 3rd period - Shot Misses the Net.
3:24 of 3rd period - Slapshot by Adam Larsson.
3:24 of 3rd period - Shot Misses the Net.
4:14 of 3rd period - Minor Penalty to Danton Heinen for Tripping.
4:15 of 3rd period - T.J. Hensick wins face-off versus Ryan Johansen in Red Wings zone.
4:51 of 3rd period - Brendan Woods is hit by Viktor Arvidsson and loses puck.
5:14 of 3rd period - Evgeny Dadonov is hit by Ryan Murray and loses puck.
6:02 of 3rd period - Alex Galchenyuk is hit by Brendan Woods and loses puck.
6:14 of 3rd period - Penalty to Danton Heinen is over, Danton Heinen is back on ice.
6:23 of 3rd period - Jonathan Drouin is hit by Ryan Murray and loses puck.
7:38 of 3rd period - Icing by Tyson Barrie.
7:39 of 3rd period - Max Domi wins face-off versus T.J. Hensick in Jets zone.
8:02 of 3rd period - Ryan Murray is hit by Adam Gaudette and loses puck.
8:21 of 3rd period - Minor Penalty to Sam Reinhart for Holding.
8:22 of 3rd period - Noel Acciari wins face-off versus Charlie Coyle in Jets zone.
8:22 of 3rd period - Noel Acciari is hit by Dylan Larkin.
9:24 of 3rd period - T.J. Hensick is hit by Mirco Mueller and loses puck.
10:13 of 3rd period - Jonathan Drouin is hit by Erik Cernak and loses puck.
10:21 of 3rd period - Penalty to Sam Reinhart is over, Sam Reinhart is back on ice.
10:40 of 3rd period - Snap shot by Brendan Woods.
10:40 of 3rd period - Deflect By Ryan Kesler.
10:40 of 3rd period - Shot Misses the Net.
10:40 of 3rd period - Puck is out of play.
10:41 of 3rd period - T.J. Hensick wins face-off versus Noel Acciari in Jets zone.
10:48 of 3rd period - Snap shot by Carson Mcmillan.
10:48 of 3rd period - Deflect By T.J. Hensick.
10:48 of 3rd period - Deflect By Frank Vatrano.
10:48 of 3rd period - Shot Hit the Post.
10:48 of 3rd period - Puck is out of play.
10:49 of 3rd period - Max Domi wins face-off versus T.J. Hensick in Jets zone.
10:49 of 3rd period - Max Domi is hit by Carson Mcmillan.
11:39 of 3rd period - Snap shot by Kevin Hayes.
11:39 of 3rd period - Stopped by Ondrej Pavelec without a rebound.
11:40 of 3rd period - Max Domi wins face-off versus Dylan Larkin in Red Wings zone.
12:35 of 3rd period - Snap shot by Mike Richards.
12:35 of 3rd period - Stopped by Jacob Markstrom without a rebound.
12:36 of 3rd period - Max Domi wins face-off versus Dylan Larkin in Jets zone.
12:49 of 3rd period - Snap shot by Max Domi.
12:49 of 3rd period - Stopped by Ondrej Pavelec without a rebound.
12:50 of 3rd period - Ryan Johansen wins face-off versus Charlie Coyle in Red Wings zone.
12:53 of 3rd period - Snap shot by Viktor Arvidsson.
12:53 of 3rd period - Stopped by Ondrej Pavelec without a rebound.
12:54 of 3rd period - Ryan Johansen wins face-off versus Charlie Coyle in Red Wings zone.
13:09 of 3rd period - Wrist shot by Jonathan Drouin.
13:09 of 3rd period - Stopped by Jacob Markstrom with a rebound.
13:11 of 3rd period - Backhand shot by Charlie Coyle.
13:11 of 3rd period - Deflect By Adam Gaudette.
13:11 of 3rd period - Stopped by Jacob Markstrom without a rebound.
13:12 of 3rd period - Max Domi wins face-off versus Dylan Larkin in Jets zone.
13:12 of 3rd period - Max Domi is hit by Alex DeBrincat.
13:26 of 3rd period - Slapshot by Dougie Hamilton.
13:26 of 3rd period - Shot Misses the Net.
13:28 of 3rd period - Wrist shot by Alex Galchenyuk.
13:28 of 3rd period - Shot Blocked by Alex DeBrincat.
13:38 of 3rd period - Viktor Arvidsson is hit by Jeff Schultz and loses puck.
13:47 of 3rd period - Wrist shot by Adam Gaudette.
13:47 of 3rd period - Deflect By Charlie Coyle.
13:47 of 3rd period - Stopped by Jacob Markstrom without a rebound.
13:48 of 3rd period - Max Domi wins face-off versus Charlie Coyle in Jets zone.
13:59 of 3rd period - Slapshot by Tyler Seguin.
13:59 of 3rd period - Shot Blocked by Jake Gardiner.
14:04 of 3rd period - Off-side.
14:05 of 3rd period - Ryan Johansen wins face-off versus Dylan Larkin in neutral zone.
14:21 of 3rd period - Off-side.
14:22 of 3rd period - Max Domi wins face-off versus Charlie Coyle in neutral zone.
14:25 of 3rd period - Backhand shot by Troy Stetcher.
14:25 of 3rd period - Stopped by Ondrej Pavelec with a rebound.
14:27 of 3rd period - Snap shot by Tyler Seguin.
14:27 of 3rd period - Stopped by Ondrej Pavelec with a rebound.
14:29 of 3rd period - Slapshot by Troy Stetcher.
14:29 of 3rd period - Shot Blocked by Jeff Schultz.
14:31 of 3rd period - Snap shot by Max Domi.
14:31 of 3rd period - Shot Blocked by Jeff Schultz.
14:51 of 3rd period - Wrist shot by Dylan Larkin.
14:51 of 3rd period - Stopped by Jacob Markstrom with a rebound.
14:53 of 3rd period - Slapshot by Jeff Schultz.
14:53 of 3rd period - Shot Blocked by Adam Larsson.
16:29 of 3rd period - Snap shot by Jonathan Drouin.
16:29 of 3rd period - Stopped by Jacob Markstrom without a rebound.
16:30 of 3rd period - Anthony Mantha wins face-off versus Charlie Coyle in Jets zone.
16:45 of 3rd period - Slapshot by Troy Stetcher.
16:45 of 3rd period - Stopped by Ondrej Pavelec without a rebound.
16:46 of 3rd period - T.J. Hensick wins face-off versus Kevin Hayes in Red Wings zone.
17:20 of 3rd period - Anthony Mantha is hit by Jeff Schultz and loses puck.
17:42 of 3rd period - Danton Heinen is hit by Max Domi and loses puck.
18:27 of 3rd period - Drew Fata is hit by Dougie Hamilton and loses puck.
18:40 of 3rd period - Minor Penalty to Ryan Murray for Hooking.
18:41 of 3rd period - Charlie Coyle wins face-off versus Noel Acciari in Jets zone.
19:11 of 3rd period - Snap shot by Adam Gaudette.
19:11 of 3rd period - Stopped by Jacob Markstrom without a rebound.
19:12 of 3rd period - T.J. Hensick wins face-off versus Kevin Hayes in Jets zone.
Goals for this period are 0 for Jets vs 0 for Red Wings.
Shots for this period are 9 for Jets vs 7 for Red Wings.
Overtime #1
0:01 of 1st overtime period - Anthony Mantha wins face-off versus Charlie Coyle in neutral zone.
0:40 of 1st overtime period - Penalty to Ryan Murray is over, Ryan Murray is back on ice.
0:54 of 1st overtime period - Snap shot by Alex Galchenyuk.
0:54 of 1st overtime period - Deflect By Tyler Seguin.
0:54 of 1st overtime period - Shot Misses the Net.
0:54 of 1st overtime period - Puck is out of play.
0:55 of 1st overtime period - Charlie Coyle wins face-off versus Tyler Seguin in Red Wings zone.
1:02 of 1st overtime period - Wrist shot by Dylan Larkin.
1:02 of 1st overtime period - Stopped by Jacob Markstrom with a rebound.
1:10 of 1st overtime period - Slapshot by Alex Galchenyuk.
1:10 of 1st overtime period - Shot Misses the Net.
1:12 of 1st overtime period - Slapshot by Alex Galchenyuk.
1:12 of 1st overtime period - Shot Blocked by Dylan Larkin.
2:05 of 1st overtime period - Icing by Jeff Schultz.
2:06 of 1st overtime period - Jonathan Drouin wins face-off versus Viktor Arvidsson in Red Wings zone.
2:23 of 1st overtime period - Alex DeBrincat is hit by Adam Larsson and loses puck.
2:28 of 1st overtime period - Snap shot by Tyler Seguin.
2:28 of 1st overtime period - Shot Blocked by Philip Samuelsson.
3:16 of 1st overtime period - Jake Gardiner is hit by Viktor Arvidsson.
4:11 of 1st overtime period - Backhand shot by Anthony Mantha.
4:11 of 1st overtime period - Stopped by Ondrej Pavelec with a rebound.
4:43 of 1st overtime period - Jonathan Drouin is hit by Ryan Murray and loses puck.
Goals for this period are 0 for Jets vs 0 for Red Wings.
Shots for this period are 1 for Jets vs 1 for Red Wings.
ShootOut
5:00 of 1st overtime period - Round #1.
5:00 of 1st overtime period - Jets, Tyler Seguin.
5:00 of 1st overtime period - Deke by Tyler Seguin.
5:00 of 1st overtime period - Stopped by Ondrej Pavelec.
5:00 of 1st overtime period - Red Wings, Dylan Larkin.
5:00 of 1st overtime period - Wrist shot by Dylan Larkin.
5:00 of 1st overtime period - Shot Misses the Net.
5:00 of 1st overtime period - Round #2.
5:00 of 1st overtime period - Jets, Alex Galchenyuk.
5:00 of 1st overtime period - Backhand shot by Alex Galchenyuk.
5:00 of 1st overtime period - Shot Misses the Net.
5:00 of 1st overtime period - Red Wings, Adam Gaudette.
5:00 of 1st overtime period - Backhand shot by Adam Gaudette.
5:00 of 1st overtime period - Goal by Adam Gaudette.
5:00 of 1st overtime period - Round #3.
5:00 of 1st overtime period - Jets, Ryan Johansen.
5:00 of 1st overtime period - Wrist shot by Ryan Johansen.
5:00 of 1st overtime period - Stopped by Ondrej Pavelec.